 Dungeon Crawl Stone Soup version 0.29-a0-857-g9b1aa3ac5b (webtiles) character file.

Game seed: 14386792377839655787

3038 jimonade the Skirmisher (level 9, 0/51 HPs)
             Began as a Deep Elf Hunter on July 16, 2022.
             Was a Priest of Vehumet.
             Killed by an exploding water moccasin (51 damage)
             ... ignited by their inner flame
             ... on level 8 of the Dungeon.
             The game lasted 00:24:48 (7415 turns).

jimonade the Skirmisher (Deep Elf Hunter)           Turns: 7415, Time: 00:24:49

Health: 0/51       AC:  6    Str:  8    XL:     9   Next: 56%
Magic:  29/32      EV: 14    Int: 19    God:    Vehumet [***...]
Gold:   497        SH:  0    Dex: 24    Spells: 14/24 levels left

rFire   . . .      SeeInvis .   a - +1 shortbow (flame)
rCold   + + .      Faith    .   (shield currently unavailable)
rNeg    . . .      Spirit   .   v - +0 robe
rPois   .          Reflect  .   D - +0 helmet
rElec   .          Harm     +   (no cloak)
rCorr   .          Rampage  .   m - +0 pair of gloves
Will    .....                   p - +1 pair of boots of Aneor {Harm rC++ MP+9}
Stlth   ++........              (no amulet)
HPRegen 0.17/turn               h - +6 ring of dexterity
MPRegen 0.23/turn               (no ring)

@: no status effects
A: no striking features
a: Renounce Religion


You were on level 8 of the Dungeon.
You worshipped Vehumet.
Vehumet was most pleased with you.
You visited 2 branches of the dungeon, and saw 9 of its levels.
You also visited: Sewer.

You collected 497 gold pieces.

Inventory:

Hand Weapons
 a - a +1 shortbow of flaming (weapon)
 B - a +1 short sword of venom
 K - a +1 dagger of venom
 N - a +2 short sword of electrocution
Missiles
 f - a throwing net
 y - 20 poisoned darts
Armour
 c - a +0 leather armour
 m - a +0 pair of gloves (worn)
 p - the +1 pair of boots of Aneor (worn) {Harm rC++ MP+9}
   (You acquired it on level 5 of the Dungeon)

   rC:        It greatly protects you from cold.
   MP:        It affects your magic capacity (+9).
   Harm:      It increases damage dealt and taken.
 u - a +0 chain mail
 v - a +0 robe (worn)
 C - a +0 ring mail
 D - a +0 helmet (worn)
 O - an orb of wrath
Jewellery
 h - a +6 ring of dexterity (left hand)
 n - a ring of protection from fire
 r - a +6 ring of strength
 w - a ring of poison resistance
Wands
 P - a wand of charming (10)
 Q - a wand of flame (12)
Scrolls
 b - 2 scrolls of immolation
 g - 9 scrolls of identify
 k - a scroll of amnesia {unknown}
 A - 3 scrolls of enchant armour {unknown}
 F - a scroll of magic mapping
 G - a scroll of fear {unknown}
 H - 2 scrolls of poison {unknown}
 J - a scroll of noise {unknown}
 L - a scroll of blinking {unknown}
 M - 2 scrolls of teleportation
Potions
 d - 2 potions of might {unknown}
 e - 5 potions of heal wounds
 i - a potion of flight {unknown}
 j - a potion of degeneration {unknown}
 l - a potion of brilliance {unknown}
 o - a potion of magic {unknown}
 q - a potion of mutation {unknown}
 s - a potion of ambrosia {unknown}
 t - 3 potions of curing {unknown}
 x - a potion of berserk rage {unknown}
 z - a potion of lignification {unknown}
 E - 3 potions of haste {unknown}
 I - a potion of attraction {unknown}


   Skills:
 + Level 3.4 Fighting
 + Level 11.1 Ranged Weapons
 + Level 1.7 Armour
 + Level 3.0 Dodging
 - Level 1.2 Stealth
 * Level 8.2 Spellcasting
 * Level 0.4 Hexes
 * Level 6.3 Fire Magic
 * Level 5.2 Poison Magic


You had 14 spell levels left.
You knew the following spells:

 Your Spells              Type           Power      Damage    Failure   Level
a - Scorch                Fire           62%        2d8       1%          2
b - Poisonous Vapours     Pois/Air       34%        N/A       1%          2
c - Ignite Poison         Fire/Tmut/Pois 22%        N/A       1%          3
d - Inner Flame           Hex/Fire       20%        N/A       1%          3

Your spell library contained the following spells:

 Spells                   Type           Power      Damage    Failure   Level
 Foxfire                  Conj/Fire      76%        2x1d7     1%          1
 Apportation              Tloc           14%        N/A       9%          1
 Necrotise                Necr           28%        1d5       9%          1
 Summon Small Mammal      Summ           28%        N/A       9%          1
 Corpse Rot               Necr/Pois/Air  14%        N/A       41%         4


Dungeon Overview and Level Annotations

Branches:
Dungeon (8/15)             Temple (1/1) D:5           Sewer (visited)
   Lair: D:8-11

Altars:
Ashenzari
Cheibriados
Dithmenos
Elyvilon
Fedhas
Gozag
Hepliaklqana
Kikubaaqudgha
Makhleb
Nemelex Xobeh
Okawaru
Qazlal
Ru
Sif Muna
Trog
Uskayaw
Vehumet
Wu Jian
Xom
Yredelemnul
Zin
The Shining One

Annotations:
D:3 1 runed translucent door, clackabat's ghost, amateur GrFi
D:6 exclusion: downstairs


Message History

a +0 whip; a +0 chain mail
Items here: ( )) [.
Things that are here:
a +0 flail; a +0 chain mail
Q - a wand of flame (12)
Things that are here:
a +0 flail; a +0 chain mail You now have 497 gold pieces (gained 13).
Found a stone staircase leading down.
There is a stone staircase leading down here.
You open the large door.
There is a large open door here.
There is a large open door here.
A water moccasin comes into view.
Casting: Inner Flame (safe; 1% risk of failure)
Confirm with . or Enter, or press ? or * to list all spells.
Aiming: Inner Flame (safe; 1% risk of failure)
Press: ? - help, Dir - move target, f - water moccasin
Aim: a water moccasin (asleep, chance to affect: 75%)
The water moccasin hisses angrily.
The water moccasin is filled with an inner flame.
You shoot an arrow. The arrow hits the water moccasin.
Flame seeps out of the water moccasin.
The arrow burns the water moccasin.
Flame seeps out of the water moccasin.
The water moccasin is heavily wounded.
The water moccasin is engulfed in blazing flames.
Flame seeps out of the water moccasin.
You shoot an arrow.
The arrow barely misses the water moccasin.
You shoot an arrow.
The arrow closely misses the water moccasin.
Casting: Inner Flame (safe; 1% risk of failure)
Confirm with . or Enter, or press ? or * to list all spells.
Flames lash the water moccasin.
Vehumet accepts your kill.
You feel your power returning.
The water moccasin explodes!
The fiery explosion engulfs you!!!
Ouch! That really hurt!
You die...

..##...#
###'######
...#...#
#........##
..<....#
####.........#
.####..#
#............# .
...#
#............# .
.....
+..............
. .....
##.....#########
# #........#
#...§.@..#
#...§§$..#
.....§§§..#
..........#
......#####
..°... .....!
......


There were no monsters in sight!

Vanquished Creatures
  Grinder (D:5)
  A wyvern (D:7)
  5 wraiths (D:7)
  A water moccasin (D:8)
  2 orc warriors
  An ice beast (D:7)
  2 sky beasts
  A necrophage (D:4)
  4 kobold brigands
  A bullfrog (D:7)
  3 wights (D:7)
  4 jellies
  4 hounds
  4 orc priests
  4 orc wizards
  3 iguanas
  11 gnolls
  10 adders
  3 river rats
  A shadow imp (D:5)
  3 white imps
  An ufetubus (D:6)
  8 worms
  31 orcs
  9 ball pythons
  5 bats
  6 endoplasms
  4 giant cockroaches
  3 goblins
  6 hobgoblins
  2 jackals (D:4)
  3 quokkas (D:4)
  2 frilled lizards (D:1)
  3 goblin skeletons (D:5)
  A goblin zombie (D:5)
  3 hobgoblin zombies (D:5)
  9 kobolds
  A kobold zombie (D:5)
  3 orc skeletons (D:5)
  8 rats
177 creatures vanquished.

Notes
Turn   | Place    | Note
-------+----------+-------------------------------------------
     0 | D:1      | jimonade the Deep Elf Hunter began the quest for the Orb.
     0 | D:1      | Reached XP level 1. HP: 12/12 MP: 3/3
    33 | D:1      | Got Hempitym's Vellum of Heat
   244 | D:1      | Reached XP level 2. HP: 16/16 MP: 3/5
   535 | D:2      | Reached skill level 1 in Spellcasting
   538 | D:2      | Reached skill level 6 in Ranged Weapons
   538 | D:2      | Reached XP level 3. HP: 21/21 MP: 6/6
   566 | D:2      | Reached skill level 1 in Fire Magic
  1553 | D:3      | Reached XP level 4. HP: 26/26 MP: 7/9
  1912 | D:3      | Reached skill level 1 in Poison Magic
  1974 | D:3      | Found a runed translucent door.
  1977 | D:3      | Noticed clackabat's ghost (amateur GrFi)
  2158 | D:4      | Noticed a necrophage
  2166 | D:4      | Killed a necrophage
  2167 | D:4      | Reached XP level 5. HP: 30/30 MP: 10/10
  2363 | D:4      | Reached skill level 7 in Ranged Weapons
  2651 | D:4      | Found a sparkling altar of Nemelex Xobeh.
  2787 | D:3      | Reached skill level 1 in Armour
  3097 | D:4      | Reached XP level 6. HP: 35/35 MP: 11/11
  3126 | D:5      | Entered Level 5 of the Dungeon
  3126 | D:5      | Found a staircase to the Ecumenical Temple.
  3133 | Temple   | Entered the Ecumenical Temple
  3294 | Temple   | Became a worshipper of Vehumet
  3307 | D:5      | Identified a scroll of acquirement
  3307 | D:5      | Acquired the +1 pair of boots of Aneor {Harm rC++ MP+9}
  3357 | D:5      | Found a glowing drain.
  3374 | Sewer    | Entered a sewer
  3690 | Sewer    | Reached skill level 8 in Ranged Weapons
  3870 | Sewer    | Reached XP level 7. HP: 40/40 MP: 13/13
  3873 | Sewer    | Reached * piety under Vehumet
  3873 | Sewer    | Offered knowledge of Magic Dart by Vehumet.
  4420 | D:5      | Found a glowing golden altar of the Shining One.
  4425 | D:5      | Reached ** piety under Vehumet
  4425 | D:5      | Offered knowledge of Searing Ray by Vehumet.
  4475 | D:5      | Noticed Grinder
  4482 | D:5      | Killed Grinder
  4483 | D:5      | Reached skill level 9 in Ranged Weapons
  4710 | D:5      | Reached XP level 8. HP: 30/45 MP: 16/16
  5269 | D:5      | Learned a level 2 spell: Scorch
  5674 | D:6      | Reached skill level 5 in Spellcasting
  6253 | D:7      | Reached skill level 10 in Ranged Weapons
  6638 | D:7      | Reached skill level 5 in Fire Magic
  6638 | D:7      | Reached XP level 9. HP: 42/51 MP: 20/20
  6774 | D:7      | Offered knowledge of Ignite Poison by Vehumet.
  6919 | D:7      | Noticed a skeletal warrior
  6920 | D:7      | Reached skill level 11 in Ranged Weapons
  7067 | D:7      | Reached skill level 5 in Poison Magic
  7206 | D:7      | Learned a level 2 spell: Poisonous Vapours
  7210 | D:7      | Learned a level 3 spell: Ignite Poison
  7214 | D:7      | Learned a level 3 spell: Inner Flame
  7233 | D:8      | Reached *** piety under Vehumet
  7415 | D:8      | Killed by an exploding water moccasin... ignited by their
                  | inner flame

Illustrated notes

Levels and vault maps discovered:
D:1:      wander_arrival_desolate, layout_rooms
D:2:      layout_basic, serial_curves, eino_curves_04, eino_curves_02
D:3:      layout_loops_corners, ebering_ghost_reflecting_pool
D:4:      layout_loops_ring, nicolae_overflow_crystal_walls,
          hangedman_abyss_or_decor_stabs
D:5:      layout_basic, nicolae_tso_besieged_by_evil, temple_fountains,
          portal_sewer_entry_c, uniq_grinder
D:6:      layout_basic, kennysheep_generic_room_14
D:7:      layout_cave_pools, minmay_guarded_unrand_finisher
D:8:      layout_basic, grunt_ogre_cave
Temple:   nicolae_temple_bog_church

Skill      XL: |  1  2  3  4  5  6  7  8  9 |
---------------+----------------------------+-----
Spellcasting   | 1 2 3 4 6 8 |  8.2
Ranged Weapons | 6 7 8 9 10 11 | 11.1
Fire Magic     | 1 2 3 5 6 |  6.3
Poison Magic   | 1 2 3 4 5 |  5.2
Fighting       | 2 3 |  3.4
Armour         | 1 |  1.7
Dodging        | 3 |  3.0
Stealth        | |  1.2
Hexes          | |  0.4

Action                   |  1- 3 |  4- 6 |  7- 9 || total
-------------------------+-------+-------+-------++-------
 Fire: Shortbow          |    72 |   185 |   206 ||   463
 Cast: Scorch            |       |       |    45 ||    45
       Inner Flame       |       |       |     3 ||     3
       Poisonous Vapours |       |       |     1 ||     1
  Use: Scroll            |       |     7 |       ||     7
Armor: Leather armour    |     3 |    13 |     7 ||    23
       Robe              |       |       |     6 ||     6
Dodge: Dodged            |    10 |    53 |    24 ||    87

Table legend: (Time is in decaauts)
 A = Elapsed time spent in this place.
 B = Non-inter-level travel time spent in this place.
 C = Inter-level travel time spent in this place.
 D = Time resting spent in this place.
 E = Time spent auto-exploring this place.
 F = Levels seen in this place.
 G = Mean time per level.
                   A        B        C        D        E       F      G
               +--------+--------+--------+--------+--------+-----+--------+
         Total |   7673 |   7401 |    272 |    437 |   5294 |  10 |  767.3 |
       Dungeon |   6512 |   6259 |    253 |    265 |   4610 |   8 |  814.0 |
        Temple |    174 |    155 |     19 |      0 |    138 |   1 |  174.0 |
         Sewer |    986 |    986 |      0 |    172 |    545 |   1 |  986.0 |
               +--------+--------+--------+--------+--------+-----+--------+

Top non-repeatable levels by time:
     D:6: 1201 daAuts
     D:5: 1193 daAuts
   Sewer: 986 daAuts
     D:4: 964 daAuts
     D:3: 910 daAuts
     D:2: 779 daAuts
     D:7: 749 daAuts
     D:1: 514 daAuts
     D:8: 199 daAuts
  Temple: 174 daAuts
